 Dungeon Crawl Stone Soup version 0.30-a0-800-g7c544603b3 (webtiles) character file.

Game seed: 3431845664169692468

56 cforsyth the Sneak (level 4, -1/27 HPs)
             Began as a Kobold Brigand on Feb 23, 2023.
             Slain by a gnoll
             ... wielding a +0 flail
              (3 damage)
             ... on level 2 of the Dungeon.
             The game lasted 00:01:15 (1154 turns).

cforsyth the Sneak (Kobold Brigand)                 Turns: 1154, Time: 00:01:15

Health: -1/27      AC:  3    Str:  8    XL:     4   Next: 15%
Magic:  4/4        EV: 15    Int: 18    God:
Gold:   57         SH:  0    Dex: 18    Spells: 3/3 levels left

rFire   . . .      SeeInvis .    a - +3 dagger
rCold   . . .      Faith    .    (no shield)
rNeg    . . .      Spirit   .    b - +0 robe
rPois   .          Reflect  .    (no helmet)
rElec   .          Harm     .    c - +0 cloak
rCorr   .          Rampage  .    (no gloves)
Will    .....                    (no boots)
Stlth   ++++                     (no amulet)
HPRegen 0.24/turn                g - +6 ring of intelligence
MPRegen 0.09/turn                (no ring)

@: no status effects
A: small, no large weapons, nightstalker 3
a: no special abilities


You were on level 2 of the Dungeon.
You visited 1 branch of the dungeon, and saw 2 of its levels.

You collected 57 gold pieces.

Inventory:

Hand Weapons
 a - a +3 dagger (weapon)
Missiles
 d - 9 poisoned darts (quivered)
 e - 3 curare-tipped darts
Armour
 b - a +0 robe (worn)
 c - a +0 cloak (worn)
Jewellery
 g - a +6 ring of intelligence (left hand)
Scrolls
 j - a scroll of poison {unknown}
 l - a scroll of identify {unknown}
Potions
 f - 2 potions of mutation {unknown}
 i - a potion of degeneration {unknown}
 k - a potion of curing {unknown}
 m - a potion of flight {unknown}


   Skills:
 + Level 2.7 Fighting
 + Level 3.4 Short Blades
 + Level 2.8 Throwing
 + Level 2.2 Dodging
 + Level 5.8 Stealth


You had 3 spell levels left.
You didn't know any spells.
Your spell library was empty.

Dungeon Overview and Level Annotations

Branches:
Dungeon (2/15)

Altars:


Innate Abilities, Weirdness & Mutations

You are small and have problems with some larger weapons.
You are completely attuned to the shadows.


Message History

No target in view!
No target in view!
A gnoll comes into view. It is wielding a +0 flail.
A gnoll is nearby!
A gnoll is nearby!
A gnoll is nearby!
A gnoll comes into view. It is wielding a +0 whip.
Things that are here:
a +0 dagger; a +0 ring mail; a goblin corpse The gnoll misses you.
You hit the gnoll.
The gnoll is lightly wounded.
You hit the gnoll.
The gnoll is lightly wounded.
The gnoll hits you with a +0 flail.
You hit the gnoll but do no damage.
The gnoll is lightly wounded.
The gnoll barely misses you.
A gnoll comes into view. It is wielding a +0 whip.
The gnoll misses you.
The gnoll shouts!
You hit the gnoll.
The gnoll is heavily wounded.
You hear an angry hiss.
The gnoll hits you with a +0 flail. The gnoll closely misses you.
You hit the gnoll.
The gnoll is severely wounded.
The gnoll hits you with a +0 flail. The gnoll hits you with a +0 whip!
* * * LOW HITPOINT WARNING * * *
You are too injured to fight recklessly!
You are too injured to fight recklessly!
You are too injured to fight recklessly!
You are too injured to fight recklessly!
You are too injured to fight recklessly!
You are too injured to fight recklessly!
You are too injured to fight recklessly!
As you read the scroll labelled CAEPPA FITSECH, it crumbles to dust.
It is a scroll of enchant weapon.
Your +2 dagger glows red for a moment.
The gnoll hits you with a +0 flail.
You die...

.####............###.
.....................
.....................
.####.......†....###.
#............# #.
#..^.........# ##
#............#
.#######.........
..gg@)..........
...g....††...
...........##
..:.....#..#
.......#####


You could see 3 gnolls.

Vanquished Creatures
  2 adders (D:2)
  A dart slug (D:1)
  3 ball pythons
  5 endoplasms (D:1)
  A giant cockroach (D:1)
  4 hobgoblins
  3 jackals (D:2)
  2 quokkas (D:1)
  2 bats (D:1)
  A frilled lizard (D:1)
  4 goblins
  A kobold (D:1)
  3 rats (D:1)
32 creatures vanquished.

Notes
Turn   | Place    | Note
-------+----------+-------------------------------------------
     0 | D:1      | cforsyth the Kobold Brigand began the quest for the Orb.
     0 | D:1      | Reached XP level 1. HP: 12/12 MP: 1/1
   293 | D:1      | Reached XP level 2. HP: 18/18 MP: 2/2
   624 | D:1      | Reached XP level 3. HP: 22/22 MP: 3/3
  1118 | D:2      | Reached XP level 4. HP: 15/27 MP: 4/4
  1153 | D:2      | HP: 1/27 [gnoll/+0 whip (10)]
  1154 | D:2      | Slain by a gnoll

Illustrated notes

Levels and vault maps discovered:
D:1:      onia_arrival_pentagram, layout_basic, kennysheep_nondescript,
          minmay_misc_feat_pillars
D:2:      layout_basic, shapermc_ecumenical_altar_rom_forum,
          hangedman_decor_growths

Skill      XL: |  1  2  3 |
---------------+----------+-----
Short Blades   | 3 |  3.4
Dodging        | 2 |  2.2
Fighting       | |  2.7
Throwing       | |  2.8
Stealth        | |  5.8

Action                     |  1- 3 |  4- 6 || total
---------------------------+-------+-------++-------
  Melee: Dagger            |    75 |     6 ||    81
         Punch             |     1 |       ||     1
    Use: Scroll            |       |     1 ||     1
   Stab: Sleeping          |    17 |       ||    17
 Armour: Robe              |     9 |     1 ||    10
  Dodge: Dodged            |    58 |     4 ||    62

Table legend: (Time is in decaauts)
 A = Elapsed time spent in this place.
 B = Non-inter-level travel time spent in this place.
 C = Inter-level travel time spent in this place.
 D = Time resting spent in this place.
 E = Time spent auto-exploring this place.
 F = Levels seen in this place.
 G = Mean time per level.
                   A        B        C        D        E       F      G
               +--------+--------+--------+--------+--------+-----+--------+
         Total |   1141 |   1125 |     16 |    230 |    721 |   2 |  570.5 |
       Dungeon |   1141 |   1125 |     16 |    230 |    721 |   2 |  570.5 |
               +--------+--------+--------+--------+--------+-----+--------+

Top non-repeatable levels by time:
     D:1: 980 daAuts
     D:2: 160 daAuts
